 Dungeon Crawl Stone Soup version 0.30-a0-223-gcb0039aa0c (webtiles) character file.

Game seed: 14291926438535612587

62 qw the Chopper (level 4, -2/28 HPs)
             Began as a Gargoyle Fighter on Oct 9, 2022.
             Killed from afar by Sigmund (8 damage)
             ... with a bolt of light
             ... on level 3 of the Dungeon.
             The game lasted 00:00:38 (1374 turns).

qw the Chopper (Gargoyle Fighter)                   Turns: 1374, Time: 00:00:39

Health: -2/28      AC: 17    Str: 22    XL:     4   Next: 8%
Magic:  4/4        EV:  6    Int: 11    God:
Gold:   210        SH:  0    Dex:  9    Spells: 3/3 levels left

rFire   . . .      SeeInvis .    Y - +0 war axe
rCold   . . .      Faith    .    c - +0 buckler
rNeg    + . .      Spirit   .    e - +0 plate armour
rPois   inf        Reflect  .    a - +0 helmet {Int+3}
rElec   +          Harm     .    (no cloak)
rCorr   .          Rampage  .    g - +0 pair of gloves
Will    .....                    (no boots)
Stlth   ..........               (no amulet)
HPRegen 0.24/turn                (no ring)
MPRegen 0.09/turn                (no ring)

@: confused
A: sickness immunity, AC +3, negative energy resistance 1, electricity
resistance, torment resistance 1, petrification resistance
a: no special abilities


You were on level 3 of the Dungeon.
You visited 1 branch of the dungeon, and saw 3 of its levels.

You collected 210 gold pieces.


Innate Abilities, Weirdness & Mutations

You are immune to sickness and miasma.
Your stone body is resilient. (AC +3)
You are immune to poison.
You resist negative energy. (rN+)
You are resistant to electric shocks. (rElec)
You are resistant to unholy torment.
You are immune to petrification.


   Skills:
 - Level 3.2 Fighting
 + Level 3.8 Axes
 - Level 3.2 Armour
 - Level 3.2 Shields


You had 3 spell levels left.
You didn't know any spells.
Your spell library was empty.

Inventory:

Hand Weapons
 f - a +0 whip
 Y - a +0 war axe (weapon)
Missiles
 b - 4 boomerangs (quivered)
Armour
 a - a +0 helmet of intelligence (worn)
 c - a +0 buckler (worn)
 e - a +0 plate armour (worn)
 g - a +0 pair of gloves (worn)
Scrolls
 m - 2 scrolls of identify
Potions
 d - 2 potions of might
 h - 2 potions of resistance
 i - a potion of attraction {unknown}
 j - 2 potions of magic {unknown}
 k - a potion of degeneration {unknown}
 l - a potion of lignification {unknown}
 n - 2 potions of flight {unknown}

Dungeon Overview and Level Annotations

Branches:
Dungeon (3/15)

Altars:

Annotations:
D:3 Sigmund


Message History

The giant cockroach bites you but does no damage.
Something hits you but does no damage.
You see here a jackal corpse.
You completely miss the giant cockroach.
The giant cockroach closely misses you. Something hits you.
The giant cockroach bites you but does no damage.
You slash the giant cockroach!
You kill the giant cockroach!
You hear a zap.
A bolt of light appears from out of thin air!
The bolt of light hits you!
You feel less confused.
You hear a zap.
A bolt of light appears from out of thin air!
The bolt of light hits you.
You hear some strange, mumbled words.
Something tries to affect you, but you resist.
Something hits you but does no damage.
You hear some strange, mumbled words.
You are confused.
You're too confused to attack without stumbling around!
There is a strange disturbance nearby!
Something hits you.
You're too confused to attack without stumbling around!
There is a strange disturbance nearby!
You're too confused to attack without stumbling around!
There is a strange disturbance nearby!
Something hits you but does no damage.
You're too confused to attack without stumbling around!
There is a strange disturbance nearby!
You hear some strange, mumbled words.
A magic dart appears from out of thin air!
The magic dart hits you.
You're too confused to attack without stumbling around!
There is a strange disturbance nearby!
You hear a zap.
A bolt of light appears from out of thin air!
The bolt of light hits you!
You are more confused.
You die...

#### ########## #... #.(......#
#.##
###############........#######...
................@{...............
#........######%.%.....##########
.........# #........# .........#
#........# .........# #........#
...#.##### .........# .....#
....###### .##.## .....# .##.###
.....#


There were no monsters in sight!

Vanquished Creatures
  2 adders
  2 endoplasms (D:3)
  2 giant cockroaches
  5 goblins
  3 hobgoblins (D:2)
  6 jackals
  2 quokkas
  2 ball pythons
  4 bats
  4 frilled lizards
  4 kobolds
  5 rats
41 creatures vanquished.

Notes
Turn   | Place    | Note
-------+----------+-------------------------------------------
     0 | D:1      | qw the Gargoyle Fighter began the quest for the Orb.
     0 | D:1      | Reached XP level 1. HP: 14/14 MP: 1/1
     0 | D:1      | 0 ||| qw: Version: 0.2-a-17-g06abaee
     0 | D:1      | 0 ||| qw: Game counter: 2192
     0 | D:1      | 0 ||| qw: Always use a shield: true
     0 | D:1      | 0 ||| qw: God list: Okawaru
     0 | D:1      | 0 ||| qw: Allow faded altars: false
     0 | D:1      | 0 ||| qw: Do Orc after D:15 true
     0 | D:1      | 0 ||| qw: Do second Lair branch before Depths: true
     0 | D:1      | 0 ||| qw: Lair rune preference: random
     0 | D:1      | 0 ||| qw: Plans: Normal, Zot:1-4, God:TSO, Crypt, Tomb,
                  | Pan, Slime:5, Hells, Abyss, Orb
     0 | D:1      | 0 ||| PLANNING D:1-11
    35 | D:1      | 35 ||| Stepping ~*~*~tactically~*~*~ (stealth).
    36 | D:1      | 36 ||| Stepping ~*~*~tactically~*~*~ (stealth).
    46 | D:1      | Reached XP level 2. HP: 17/19 MP: 2/2
   476 | D:1      | 476 ||| UPGRADING to +0 plate armour.
   486 | D:1      | 486 ||| DROPPING +0 scale mail.
   487 | D:1      | 487 ||| UPGRADING to +0 pair of gloves.
   492 | D:1      | 492 ||| DROPPING ring of wizardry.
   493 | D:1      | 493 ||| READING scroll labelled KUTUWO EWKAPHE.
   494 | D:1      | 494 ||| READING scroll labelled HUAT KIMACZO.
   495 | D:1      | 495 ||| DRINKING 2 grey potions.
   582 | D:2      | 582 ||| Stepping ~*~*~tactically~*~*~ (stealth).
   586 | D:2      | 586 ||| Stepping ~*~*~tactically~*~*~ (stealth).
   588 | D:2      | 588 ||| Stepping ~*~*~tactically~*~*~ (stealth).
   599 | D:2      | 599 ||| Stepping ~*~*~tactically~*~*~ (stealth).
   614 | D:2      | Reached skill level 3 in Axes
   614 | D:2      | Reached XP level 3. HP: 18/23 MP: 3/3
   934 | D:2      | 934 ||| READING scroll labelled ZUNEFE MIMIAR.
   935 | D:2      | 935 ||| READING scroll labelled ECUUDWAUG EJUNN.
   935 | D:2      | Identified a scroll of acquirement
   935 | D:2      | 935 ||| ACQUIRING +0 helmet of intelligence
   935 | D:2      | Acquired a +0 helmet of intelligence
   937 | D:2      | 937 ||| UPGRADING to +0 helmet of intelligence.
   942 | D:2      | 942 ||| READING scroll labelled OCUIGE UL BYOD.
   943 | D:2      | 943 ||| READING scroll labelled QIPSUT ZIHIHAE.
  1347 | D:3      | Noticed Sigmund
  1352 | D:3      | Reached XP level 4. HP: 24/28 MP: 4/4
  1373 | D:3      | HP: 6/28 [something/magic dart (4)]
  1374 | D:3      | Killed from afar by Sigmund

Levels and vault maps discovered:
D:1:      saegor_arrival_simple_b, layout_rooms, chequers_serial_rivers_room_b
D:2:      layout_rooms, minmay_ruptured
D:3:      layout_basic, uniq_sigmund

Skill      XL: |  1  2 |
---------------+-------+-----
Axes           | 2 3 |  3.8
Fighting       | |  3.2
Armour         | |  3.2
Shields        | |  3.2

Action                   |  1- 3 |  4- 6 || total
-------------------------+-------+-------++-------
Melee: War axe           |    97 |     9 ||   106
Throw: Boomerang         |    22 |       ||    22
  Use: Scroll            |     6 |       ||     6
       Potion            |     1 |       ||     1
Armor: Scale mail        |    29 |       ||    29
       Plate armour      |    41 |    26 ||    67
Dodge: Dodged            |    45 |     4 ||    49
Block: Buckler           |    25 |       ||    25

Table legend:
 A = Non-vault XP
 B = Vault XP
 C = Vault XP percentage of total XP
 D = Non-vault monster count
 E = Vault monster count
 F = Vault count percentage of total count
                 A         B        C        D         E       F
            +---------+---------+-------+---------+---------+-------
      Total |      88 |       1 |   1.1 |      40 |       1 |   2.4
            +---------+---------+-------+---------+---------+-------
        D:1 |      20 |       0 |   0.0 |      12 |       0 |   0.0
        D:2 |      33 |       1 |   2.9 |      14 |       1 |   6.7
        D:3 |      35 |       0 |   0.0 |      14 |       0 |   0.0
            +---------+---------+-------+---------+---------+-------
